 Dungeon Crawl Stone Soup version 0.30-a0-142-g7370640ec8 (webtiles) character file.

Game seed: 186690104000670862

54 qw the Chopper (level 3, -1/23 HPs)
             Began as a Gargoyle Fighter on Sept 26, 2022.
             Slain by a gnoll
             ... wielding a +0 club
              (7 damage)
             ... on level 2 of the Dungeon.
             The game lasted 00:00:26 (1171 turns).

qw the Chopper (Gargoyle Fighter)                   Turns: 1171, Time: 00:00:26

Health: -1/23      AC: 12    Str: 21    XL:     3   Next: 91%
Magic:  3/3        EV:  4    Int:  8    God:
Gold:   152        SH:  4    Dex:  9    Spells: 2/2 levels left

rFire   . . .      SeeInvis .    Y - +0 war axe
rCold   . . .      Faith    .    c - +0 buckler
rNeg    + . .      Spirit   .    k - +0 chain mail
rPois   inf        Reflect  .    (no helmet)
rElec   +          Harm     .    (no cloak)
rCorr   .          Rampage  .    (no gloves)
Will    .....                    (no boots)
Stlth   ..........               (no amulet)
HPRegen 0.07/turn                (no ring)
MPRegen 0.08/turn                (no ring)

@: constricted
A: sickness immunity, AC +3, negative energy resistance 1, electricity
resistance, torment resistance 1, petrification resistance
a: no special abilities


You were on level 2 of the Dungeon.
You visited 1 branch of the dungeon, and saw 2 of its levels.

You collected 197 gold pieces.
You spent 45 gold pieces at shops.


Innate Abilities, Weirdness & Mutations

You are immune to sickness and miasma.
Your stone body is resilient. (AC +3)
You are immune to poison.
You resist negative energy. (rN+)
You are resistant to electric shocks. (rElec)
You are resistant to unholy torment.
You are immune to petrification.


   Skills:
 - Level 3.2 Fighting
 + Level 3.7 Axes
 - Level 3.2 Armour
 - Level 3.2 Shields


You had 2 spell levels left.
You didn't know any spells.
Your spell library was empty.

Inventory:

Hand Weapons
 j - a +0 club
 Y - a +0 war axe (weapon)
Missiles
 f - 4 boomerangs (quivered)
Armour
 c - a +0 buckler (worn)
 k - a +0 chain mail (worn)
Scrolls
 h - a scroll of identify
Potions
 a - a potion of attraction {unknown}
 b - a potion of lignification {unknown}
 d - a potion of might
 e - a potion of heal wounds
 g - a potion of mutation {unknown}
 i - a potion of curing {unknown}

Dungeon Overview and Level Annotations

Branches:
Dungeon (2/15)

Altars:

Shops:
D:1 [


Message History

The goblin shouts!
You block the gnoll's attack. The gnoll misses you.
The gnoll completely misses you. The gnoll hits you with a +0 club.
You slash the gnoll!
You kill the gnoll!
You hit the gnoll. The gnoll hits you but does no damage.
A ball python comes into view.
You hit the gnoll.
The gnoll is severely wounded.
You hit the gnoll. The gnoll hits you with a +0 club.
The gnoll hits you but does no damage.
You slash the gnoll!
You kill the gnoll!
You hit the gnoll. The gnoll hits you but does no damage.
You block the gnoll's attack. The goblin closely misses you.
You barely miss the gnoll.
The gnoll is moderately wounded.
You hit the goblin. The gnoll hits you but does no damage.
The goblin barely misses you.
You barely miss the goblin.
The goblin is heavily wounded.
You hit the gnoll but do no damage. You block the gnoll's attack.
The goblin hits you but does no damage.
You barely miss the goblin.
The goblin is heavily wounded.
You hit the gnoll but do no damage. You block the gnoll's attack.
The goblin hits you but does no damage. x2
The gnoll hits you with a +0 club!
You hit the goblin.
You kill the goblin!
You hit the gnoll but do no damage. The gnoll hits you with a +0 club.
The ball python bites you but does no damage.
The ball python grabs you. The ball python constricts you.
You closely miss the ball python. You hit the gnoll.
The ball python bites you but does no damage.
The ball python constricts you. The gnoll hits you with a +0 club!
You die...

#.........#
#.#######.# #.#
###.# #.# #<#.# #.#
##.#.# #########.#
..#.# ..#.......#
#.#.#
#.#.#########.#g#.#
.......>.......S@.#
#%#.###.#####.#####
#.#.# #.#.# ..#.#
[.#.# ..#.# ..#.#
#.#


You could see a gnoll and a ball python.

Vanquished Creatures
  2 gnolls (D:2)
  A worm (D:2)
  A dart slug (D:1)
  6 ball pythons (D:1)
  An endoplasm (D:1)
  4 goblins
  2 hobgoblins (D:1)
  2 kobolds (D:1)
  A quokka (D:1)
  2 bats
  2 frilled lizards
  6 rats
30 creatures vanquished.

Vanquished Creatures (others)
  A fungus (D:1)
  6 plants (D:1)
7 creatures vanquished.

Grand Total: 37 creatures vanquished

Notes
Turn   | Place    | Note
-------+----------+-------------------------------------------
     0 | D:1      | qw the Gargoyle Fighter began the quest for the Orb.
     0 | D:1      | Reached XP level 1. HP: 14/14 MP: 1/1
     0 | D:1      | 0 ||| qw: Version: 0.2-a-10-g399e6c4
     0 | D:1      | 0 ||| qw: Game counter: 458
     0 | D:1      | 0 ||| qw: Always use a shield: true
     0 | D:1      | 0 ||| qw: God list: Okawaru
     0 | D:1      | 0 ||| qw: Allow faded altars: false
     0 | D:1      | 0 ||| qw: Do Orc after D:15 true
     0 | D:1      | 0 ||| qw: Do second Lair branch before Depths: true
     0 | D:1      | 0 ||| qw: Lair rune preference: random
     0 | D:1      | 0 ||| qw: Plans: Normal, Zot:1-4, God:TSO, Crypt, Tomb,
                  | Pan, Slime:5, Hells, Abyss, Orb
     0 | D:1      | 0 ||| PLANNING D:1-11
    94 | D:1      | Reached XP level 2. HP: 19/19 MP: 2/2
   449 | D:1      | Found a faded altar of an unknown god.
   540 | D:1      | Reached skill level 3 in Axes
   544 | D:1      | Found Otilojug's Armour Boutique.
   564 | D:1      | 564 ||| BUYING +0 chain mail (45 gold).
   564 | D:1      | Bought a +0 chain mail for 45 gold pieces
   564 | D:1      | 564 ||| SHOPLISTING +2 cloak of stealth (215 gold, have
                  | 113).
   564 | D:1      | 564 ||| SHOPLISTING +3 chain mail of cold resistance (265
                  | gold, have 113).
   758 | D:1      | Reached XP level 3. HP: 23/23 MP: 3/3
   854 | D:1      | 854 ||| UPGRADING to +0 chain mail.
   864 | D:1      | 864 ||| DROPPING +0 scale mail.
   865 | D:1      | 865 ||| READING scroll labelled KAISI FYPISCH.
   866 | D:1      | 866 ||| READING scroll labelled UWYVAX DIFYU.
   867 | D:1      | 867 ||| READING 3 scrolls labelled DUACUU YCUPEVA.
   868 | D:1      | 868 ||| READING scroll labelled XYPEKL ETWOFIRIPS.
   869 | D:1      | 869 ||| READING 2 scrolls of identify.
   869 | D:1      | 869 ||| IDENTIFYING murky pink potion
  1034 | D:2      | 1034 ||| FLEEEEING.
  1117 | D:2      | 1117 ||| Stepping ~*~*~tactically~*~*~ (stealth).
  1118 | D:2      | 1118 ||| Stepping ~*~*~tactically~*~*~ (stealth).
  1171 | D:2      | Slain by a gnoll

Levels and vault maps discovered:
D:1:      giann_horns, layout_basic, serial_shops, shop_coins,
          shapermc_ecumenical_altar_gd
D:2:      layout_basic, basic_altar, nicolae_elevator_lobby_asterisk

Skill      XL: |  1  2 |
---------------+-------+-----
Axes           | 2 3 |  3.7
Fighting       | |  3.2
Armour         | |  3.2
Shields        | |  3.2

Action                   || total
-------------------------++-------
Melee: War axe           ||    67
Throw: Boomerang         ||     2
  Use: Scroll            ||     5
Armor: Scale mail        ||    16
       Chain mail        ||    19
Dodge: Dodged            ||    28
Block: Buckler           ||     6

Table legend:
 A = Non-vault XP
 B = Vault XP
 C = Vault XP percentage of total XP
 D = Non-vault monster count
 E = Vault monster count
 F = Vault count percentage of total count
                 A         B        C        D         E       F
            +---------+---------+-------+---------+---------+-------
      Total |      78 |       0 |   0.0 |      30 |       0 |   0.0
            +---------+---------+-------+---------+---------+-------
        D:1 |      34 |       0 |   0.0 |      21 |       0 |   0.0
        D:2 |      44 |       0 |   0.0 |       9 |       0 |   0.0
            +---------+---------+-------+---------+---------+-------
